 Dungeon Crawl Stone Soup version 0.30-a0-760-g5a9884bb7c (webtiles) character file.

Game seed: 11951714559168064560

12455 funkygono the Thaumaturge (level 11, -5/60 HPs)
             Began as a Gargoyle Fire Elementalist on Feb 11, 2023.
             Was a Follower of Vehumet.
             Killed from afar by a wizard (21 damage)
             ... with a fireball
             ... on level 11 of the Dungeon.
             The game lasted 00:22:41 (12253 turns).

funkygono the Thaumaturge (GrFE)                   Turns: 12253, Time: 00:22:41

Health: -5/60      AC: 15    Str: 12    XL:     11   Next: 93%
Magic:  19/35      EV: 12    Int: 20    God:    Vehumet [*.....]
Gold:   699        SH:  4    Dex: 10    Spells: 21/32 levels left

rFire   . . .      SeeInvis .    o - +4 whip (vamp)
rCold   . . .      Faith    .    z - +1 buckler {reflect}
rNeg    + + .      Spirit   .    B - +0 steam dragon scales
rPois   ∞          Reflect  +    (no helmet)
rElec   +          Harm     .    m - +0 cloak
rCorr   .          Rampage  .    (no gloves)
Will    .....                    h - +0 pair of boots
Stlth   ++                       (no amulet)
HPRegen 0.30/turn                q - ring of positive energy
MPRegen 0.24/turn                d - ring of magical power

@: flying
A: sickness immunity, AC +8, negative energy resistance 1, electricity
resistance, torment resistance 1, petrification resistance
a: Renounce Religion


You were on level 11 of the Dungeon.
You worshipped Vehumet.
Vehumet was aware of your devotion.
You visited 2 branches of the dungeon, and saw 12 of its levels.
You also visited: Bailey.

You collected 699 gold pieces.

Inventory:

Hand Weapons
 o - a +4 vampiric whip (weapon)
 s - a +1 whip of freezing
 w - a +4 morningstar
 C - the +3 hand axe "Keawn" {heavy, rC+ SInv}
   (You found it on level 7 of the Dungeon)

   rC:        It protects you from cold.
   SInv:      It lets you see invisible.
 F - a +2 heavy flail
Missiles
 v - 2 throwing nets (quivered)
Armour
 h - a +0 pair of boots (worn)
 l - +0 swamp dragon scales
 m - a +0 cloak (worn)
 z - a +1 buckler of reflection (worn)
 B - +0 steam dragon scales (worn)
Magical Staves
 x - a staff of air
Jewellery
 d - a ring of magical power (right hand)
 k - a ring of ice
 q - a ring of positive energy (left hand)
Wands
 p - a wand of polymorph (5)
Scrolls
 c - 6 scrolls of poison
 i - a scroll of amnesia
 t - 4 scrolls of teleportation
 y - a scroll of identify
 E - 6 scrolls of fog
 H - a scroll of blinking
Potions
 a - 3 potions of haste
 b - 3 potions of lignification
 e - 5 potions of mutation
 f - 3 potions of resistance
 g - 3 potions of attraction
 j - a potion of berserk rage
 n - 4 potions of flight
 r - 3 potions of curing
 u - 2 potions of cancellation
 A - a potion of brilliance
 D - 4 potions of might


   Skills:
 + Level 3.0 Fighting
 + Level 2.1 Maces & Flails
 + Level 3.5 Dodging
 - Level 2.1 Stealth
 + Level 11.2 Spellcasting
 + Level 9.0 Conjurations
 + Level 0.3 Translocations
 + Level 11.1 Fire Magic
 + Level 0.1 Air Magic


You had 21 spell levels left.
You knew the following spells:

 Your Spells              Type           Power      Damage    Failure   Level
a - Foxfire               Conj/Fire      100%       2x1d9     1%          1
b - Scorch                Fire           100%       2d10      1%          2
c - Kindle Blastsparks    Fire/Tloc/Air  52%        2d14      4%          3
d - Flame Wave            Conj/Fire      51%        2d13      1%          4
e - Kiss of Death         Conj/Necr      100%       2d13      1%          1

Your spell library contained the following spells:

 Spells                   Type           Power      Damage    Failure   Level
 Inner Flame              Hex/Fire       33%        N/A       2%          3
 Necrotise                Necr           44%        1d6       9%          1
 Summon Small Mammal      Summ           44%        N/A       9%          1
 Call Canine Familiar     Summ           11%        N/A       26%         3
 Summon Guardian Golem    Hex/Summ       11%        N/A       26%         3
 Tukima's Dance           Hex            11%        N/A       26%         3
 Vampiric Draining        Necr           11%        2d6       26%         3
 Passage of Golubria      Tloc           12%        N/A       58%         4
 Agony                    Necr           11%        N/A       93%         5
 Yara's Violent Unravell  Hex/Tmut       5%         3d4       93%         5


Dungeon Overview and Level Annotations

Branches:
Dungeon (12/15)            Temple (1/1) D:6            Lair (0/5) D:11
    Orc (0/2) D:11         Bailey (visited)

Altars:
Ashenzari
Cheibriados
Dithmenos
Elyvilon
Gozag
Hepliaklqana
Kikubaaqudgha
Makhleb
Nemelex Xobeh
Okawaru
Qazlal
Ru
Trog
Uskayaw
Vehumet
Wu Jian
Xom
Yredelemnul
Zin
The Shining One


Innate Abilities, Weirdness & Mutations

You are immune to sickness and miasma.
Your stone body is resilient. (AC +8)
You are immune to poison.
You resist negative energy. (rN+)
You are resistant to electric shocks. (rElec)
You are resistant to unholy torment.
You are immune to petrification.


Message History

The komodo dragon bites you!
The wizard gestures wildly while chanting.
The wizard blinks!
Unknown command.
A wave of flame ripples out!
The flame wave engulfs the komodo dragon!
The komodo dragon is moderately wounded.
The komodo dragon bites you!!
A wizard comes into view. It is wielding a +0 dagger.
A wave of flame ripples out!
The flame wave engulfs the komodo dragon!
The komodo dragon is heavily wounded.
You finish channelling waves of flame.
You hear a shout!
The komodo dragon bites you!
* * * LOW HITPOINT WARNING * * *
Casting: Flame Wave (dangerous; 1% risk of failure)
Confirm with . or Enter, or press ? or * to list all spells.
Casting: Flame Wave (dangerous; 1% risk of failure)
Press: ? - help, Dir - look around, f - activate A wave of flame ripples out!
The flame wave engulfs the komodo dragon!!
The komodo dragon is almost dead. (Press . to intensify the flame waves.)
The komodo dragon bites you.
* * * LOW HITPOINT WARNING * * *
Unknown command.
A wave of flame ripples out!
The flame wave engulfs the komodo dragon!
You kill the komodo dragon!
Vehumet accepts your kill.
You hear a shout!
A wizard comes into view. It is wielding a +0 dagger.
Your Conjurations skill increases to level 9!
A wave of flame ripples out!
The flame wave engulfs the wizard!
The wizard is moderately wounded.
You finish channelling waves of flame.
The wizard casts a spell at you.
The fireball explodes!
The fireball engulfs you!!
You die...

...#... ...p..# ##......#
##.......# § ##)p.....#
§.§ ##.......#
.§...#...)...# .
..p§..†@..# ##..
......###.#####>..#
...####..........# ###
.................#####≈#
####~~##.............#≈≈≈
#≈≈≈≈~≈≈~#~)~###.#≈~≈≈≈≈≈
≈≈≈≈≈≈≈≈≈~~≈≈≈≈~.≈≈≈≈≈~≈≈
≈≈≈≈≈≈≈≈≈≈≈≈≈≈≈≈~~≈≈≈≈≈.~
≈≈≈≈≈≈≈≈≈≈≈≈≈≈≈≈≈≈≈≈≈≈#.#


You could see 3 wizards.

Vanquished Creatures
  2 vault guards (Bailey)
  2 two-headed ogres (D:11)
  Pikel (D:7)
  A komodo dragon (D:11)
  Maggie (D:7)
  A troll (D:9)
  A hornet (D:9)
  Prince Ribbit (Bailey)
  3 wyverns
  Eustachio (D:4)
  A vampire (D:11)
  5 yaks (D:11)
  7 humans (Bailey)
  A basilisk (D:11)
  A water elemental (D:11)
  2 steam dragons
  5 water moccasins
  A swamp drake (D:11)
  An ice beast (D:4)
  4 orc warriors
  2 black bears
  3 ogres
  4 lemures (D:7)
  A phantom (D:7)
  4 centaurs
  A kobold brigand (D:11)
  12 bullfrogs
  A necrophage (D:5)
  2 scorpions
  6 wights (D:9)
  13 killer bees
  8 electric eels
  6 howler monkeys
  3 hounds
  8 orc priests
  A gnoll bouda (D:7)
  6 jellies
  14 orc wizards
  3 iguanas
  A mummy (D:4)
  5 gnolls (D:7)
  8 adders
  2 shadow imps
  A white imp (D:6)
  An ufetubus (D:6)
  2 worms (D:2)
  5 dart slugs
  42 orcs
  13 ball pythons
  4 bats
  6 endoplasms
  2 giant cockroaches
  13 goblins
  5 hobgoblins
  A jackal (D:2)
  5 kobolds
  5 quokkas
  2 frilled lizards (D:2)
  4 kobold zombies (D:4)
  7 rats
  A bush (D:11)
275 creatures vanquished.

Vanquished Creatures (collateral kills)
  8 foxfires (D:6)
8 creatures vanquished.

Vanquished Creatures (others)
  A bush (D:11)
  976 foxfires
  4 fungi (D:11)
  33 plants
1014 creatures vanquished.

Grand Total: 1297 creatures vanquished

Notes
Turn   | Place    | Note
-------+----------+-------------------------------------------
     0 | D:1      | funkygono the Gargoyle Fire Elementalist began the quest
                  | for the Orb.
     0 | D:1      | Reached XP level 1. HP: 10/10 MP: 3/3
   142 | D:1      | Reached XP level 2. HP: 15/15 MP: 0/5
   145 | D:1      | Learned a level 2 spell: Scorch
   525 | D:1      | Reached XP level 3. HP: 19/19 MP: 3/6
   529 | D:1      | Learned a level 3 spell: Kindle Blastsparks
  1019 | D:2      | Found a glowing golden altar of the Shining One.
  1436 | D:2      | Reached XP level 4. HP: 24/24 MP: 0/8
  2080 | D:2      | Reached XP level 5. HP: 11/28 MP: 1/9
  2157 | D:3      | Learned a level 4 spell: Flame Wave
  2493 | D:3      | Noticed a centaur
  2503 | D:3      | Killed a centaur
  2504 | D:3      | Reached XP level 6. HP: 31/32 MP: 1/11
  2793 | D:3      | Reached skill level 5 in Fire Magic
  3108 | D:4      | Reached XP level 7. HP: 37/37 MP: 7/13
  3125 | D:4      | Reached skill level 1 in Maces & Flails
  3726 | D:4      | Reached skill level 5 in Spellcasting
  3853 | D:4      | Reached XP level 8. HP: 42/42 MP: 9/15
  4094 | D:4      | Noticed Eustachio
  4101 | D:4      | Killed Eustachio
  4102 | D:4      | Reached skill level 1 in Fighting
  4322 | D:5      | Entered Level 5 of the Dungeon
  4343 | D:5      | Found an iron altar of Okawaru.
  4356 | D:5      | Reached skill level 5 in Conjurations
  4423 | D:5      | Found an ancient bone altar of Kikubaaqudgha.
  4676 | D:5      | Found a hazy altar of Hepliaklqana.
  6056 | D:6      | Found a staircase to the Ecumenical Temple.
  6074 | D:6      | Reached XP level 9. HP: 47/47 MP: 6/18
  6077 | Temple   | Entered the Ecumenical Temple
  7170 | D:7      | Noticed Maggie
  7181 | D:7      | Killed Maggie
  7368 | D:7      | Noticed Pikel
  7380 | D:7      | Killed Pikel
  7459 | D:7      | Found a flagged portal.
  7466 | D:7      | Identified the +3 hand axe "Keawn" {heavy, rC+ SInv}
  7470 | Bailey   | Entered a bailey
  7539 | Bailey   | Reached XP level 10. HP: 29/53 MP: 18/22
  7978 | Bailey   | Noticed a vault guard
  8002 | Bailey   | Noticed Prince Ribbit
  8003 | Bailey   | Killed a vault guard
  8007 | Bailey   | Killed Prince Ribbit
  8180 | Bailey   | Noticed a vault guard
  8195 | Bailey   | Killed a vault guard
  8454 | D:7      | Found a bloodstained altar of Trog.
  8454 | D:7      | Found a white marble altar of Elyvilon.
  8677 | D:7      | Reached skill level 10 in Fire Magic
  8887 | D:7      | Reached XP level 11. HP: 55/58 MP: 24/24
  9588 | D:8      | Found a glowing silver altar of Zin.
 10055 | D:9      | Reached skill level 10 in Spellcasting
 10294 | D:9      | Found a radiant altar of Vehumet.
 10363 | D:9      | Became a worshipper of Vehumet
 10658 | D:9      | You fall into a shaft and drop 3 floors!
 10674 | D:11     | Noticed a two-headed ogre
 10947 | D:11     | Killed a two-headed ogre
 11284 | D:11     | Found a staircase to the Lair.
 11406 | D:11     | Noticed a two-headed ogre
 11420 | D:11     | Killed a two-headed ogre
 11781 | D:11     | Reached * piety under Vehumet
 11781 | D:11     | Offered knowledge of Kiss of Death by Vehumet.
 11784 | D:11     | Learned a level 1 spell: Kiss of Death
 11818 | D:11     | Found a staircase to the Orcish Mines.
 12241 | D:11     | Noticed a wizard
 12249 | D:11     | Noticed a wizard
 12252 | D:11     | Noticed a wizard
 12253 | D:11     | Killed from afar by a wizard

Illustrated notes

Levels and vault maps discovered:
D:1:      dpeg_arrival_arbitrary_b, layout_rooms, st_stairs_9,
          minmay_misc_feat_columns, minmay_misc_feat_doors
D:2:      minmay_evil_eye, layout_basic, basic_altar, minmay_tetromino_o4
D:3:      layout_rooms, minmay_ogre_servants
D:4:      layout_rooms, chequers_serial_rivers_marsh, minmay_mini_ossuary,
          uniq_eustachio
D:5:      layout_layer_cave, mainiacjoe_overflow_tiny_flanked,
          lemuel_doored_altar, mainiacjoe_overflow_brackets
D:6:      layout_gridville, minmay_temple_entry_mini_moons, serial_bayou,
          serial_bayou_lagoon_a, serial_bayou_shore_a, serial_bayou_shore_b,
          serial_bayou_pond_a
D:7:      layout_basic, nicolae_overflow_two_pavilions, enter_bailey_2,
          uniq_maggie, uniq_pikel
D:8:      nicolae_cairo_tiling_very_big, layout_basic, zin_scriptorium
D:9:      layout_rooms, lemuel_tele_altar
D:11:     minmay_smoke_and_mirrors, layout_basic, minmay_lair_entry_grove,
          erik_orc_1
D:12:     layout_loops_cross
Temple:   hellmonk_temple_forest_ring

Skill      XL: |  1  2  3  4  5  6  7  8  9 10 11 |
---------------+----------------------------------+-----
Fire Magic     | 4 5 6 8 10 11 | 11.1
Conjurations   | 2 3 4 5 6 7 9 |  9.0
Spellcasting   | 3 4 5 6 8 9 11 | 11.2
Dodging        | 2 3 |  3.5
Maces & Flails | 1 2 |  2.1
Fighting       | 1 2 3 |  3.0
Stealth        | |  2.1
Translocations | |  0.3
Air Magic      | |  0.1

Action                     |  1- 3 |  4- 6 |  7- 9 | 10-12 || total
---------------------------+-------+-------+-------+-------++-------
  Melee: Whip              |     1 |    16 |     7 |    72 ||    96
         Punch             |       |       |       |     1 ||     1
   Cast: Foxfire           |    55 |    85 |   208 |   220 ||   568
         Scorch            |     2 |     5 |    25 |    52 ||    84
         Flame Wave        |       |       |     3 |    24 ||    27
         Kindle Blastspark |       |       |       |     1 ||     1
    Use: Scroll            |       |    10 |     8 |     8 ||    26
         Potion            |       |     1 |       |     1 ||     2
 Armour: Robe              |     2 |    14 |     4 |       ||    20
         Steam dragon scal |       |       |    10 |    66 ||    76
  Dodge: Dodged            |     4 |    31 |    25 |    81 ||   141
  Block: Buckler           |       |       |       |     2 ||     2

Table legend: (Time is in decaauts)
 A = Elapsed time spent in this place.
 B = Non-inter-level travel time spent in this place.
 C = Inter-level travel time spent in this place.
 D = Time resting spent in this place.
 E = Time spent auto-exploring this place.
 F = Levels seen in this place.
 G = Mean time per level.
                   A        B        C        D        E       F      G
               +--------+--------+--------+--------+--------+-----+--------+
         Total |  12289 |  11986 |    303 |   1278 |   8436 |  13 |  945.3 |
       Dungeon |  11176 |  10892 |    284 |    689 |   8203 |  11 | 1016.0 |
        Temple |    227 |    209 |     18 |      0 |    200 |   1 |  227.0 |
        Bailey |    884 |    884 |      0 |    589 |     33 |   1 |  884.0 |
               +--------+--------+--------+--------+--------+-----+--------+

Top non-repeatable levels by time:
    D:11: 1596 daAuts
     D:5: 1525 daAuts
     D:4: 1295 daAuts
     D:2: 1275 daAuts
     D:7: 1169 daAuts
     D:6: 1062 daAuts
     D:3: 889 daAuts
  Bailey: 884 daAuts
     D:1: 866 daAuts
     D:8: 803 daAuts
     D:9: 688 daAuts
  Temple: 227 daAuts
    D:12: 4 daAuts
